 Dungeon Crawl Stone Soup version 0.30-a0-390-g80c34de65d (webtiles) character file.

Game seed: 4261720934350786028

26 Bnni the Shield-Bearer (level 3, -3/29 HPs)
             Began as a Formicid Fighter on Dec 4, 2022.
             Slain by an orc
             ... wielding a +0 mace
              (7 damage)
             ... on level 3 of the Dungeon.
             The game lasted 00:01:04 (1491 turns).

Bnni the Shield-Bearer (Formicid Fighter)           Turns: 1491, Time: 00:01:07

Health: -3/29      AC:  8    Str: 22    XL:     3   Next: 22%
Magic:  3/3        EV:  9    Int:  7    God:
Gold:   168        SH:  5    Dex: 13    Spells: 2/2 levels left

rFire   . . .      SeeInvis +    a - +0 trident
rCold   . . .      Faith    .    c - +0 buckler
rNeg    . . .      Spirit   .    b - +0 scale mail
rPois   .          Reflect  .    (helmet unavailable)
rElec   .          Harm     .    f - +0 cloak
rCorr   .          Rampage  .    (no gloves)
Will    .....                    (no boots)
Stlth   ..........               n - amulet of regeneration
HPRegen 1.04/turn                (no ring)
MPRegen 0.08/turn                (no ring)

@: no status effects
A: permanent stasis, dig shafts and tunnels, antennae 3, four strong arms
a: Dig, Shaft Self


You were on level 3 of the Dungeon.
You visited 1 branch of the dungeon, and saw 3 of its levels.

You collected 168 gold pieces.

Inventory:

Hand Weapons
 a - a +0 trident (weapon)
Missiles
 e - 6 javelins
 i - 5 boomerangs
Armour
 b - a +0 scale mail (worn)
 c - a +0 buckler (worn)
 f - a +0 cloak (worn)
Jewellery
 n - an amulet of regeneration (around neck)
Scrolls
 h - a scroll of amnesia {unknown}
 j - a scroll of blinking {unknown}
 k - a scroll of fear {unknown}
 m - a scroll of noise {unknown}
 o - a scroll of vulnerability {unknown}
 q - 3 scrolls of magic mapping {unknown}
Potions
 d - a potion of might
 g - 2 potions of heal wounds {unknown}
 l - 2 potions of lignification {unknown}
 p - 3 potions of curing {unknown}


   Skills:
 + Level 3.5 Fighting
 * Level 2.6 Polearms
 - Level 3.2 Armour
 * Level 4.7 Shields


You had 2 spell levels left.
You didn't know any spells.
Your spell library contained the following spells:

 Spells                   Type           Power      Damage    Failure   Level
 Kiss of Death            Conj/Necr      0%         2d5       83%         1
 Confusing Touch          Hex            0%         N/A       99%         3
 Gell's Gravitas          Tloc           0%         N/A       99%         3
 Ozocubu's Armour         Ice            0%         N/A       99%         3
 Teleport Other           Tloc           0%         N/A       99%         3
 Dispel Undead            Necr           0%         3d6       100%        4
 Dispersal                Tloc           0%         N/A       100%        6
 Ozocubu's Refrigeration  Ice            0%         4d7       100%        7


Dungeon Overview and Level Annotations

Branches:
Dungeon (3/15)

Altars:


Innate Abilities, Weirdness & Mutations

You cannot be hasted, slowed, berserked, paralysed or teleported.
You can dig through walls and to a lower floor.
You have a pair of large antennae on your head. (SInv)
Your four strong arms can wield two-handed weapons with a shield.


Message History

The orc wizard is moderately wounded.
The orc completely misses you.
The orc wizard hits you with a +0 dagger.
The orc closely misses you. You block the orc's attack.
The orc hits you with a +0 hand axe.
The orc wizard hits you but does no damage.
You barely miss the orc wizard.
The orc wizard is moderately wounded.
The orc wizard casts a spell at you.
The magic dart hits you but does no damage.
The orc hits you but does no damage. The orc barely misses you.
You closely miss the orc wizard.
The orc wizard is moderately wounded.
The orc wizard hits you but does no damage.
The orc barely misses you. You block the orc's attack.
You hit the orc wizard.
The orc wizard is heavily wounded.
The orc hits you with a +0 mace. You block the orc wizard's attack.
The orc barely misses you.
You barely miss the orc wizard.
The orc wizard is heavily wounded.
The orc hits you with a +0 mace.
The orc wizard hits you but does no damage.
You block the orc's attack.
You barely miss the orc wizard.
The orc wizard is heavily wounded.
The orc barely misses you. The orc wizard casts a spell at you.
You resist with some effort. The orc hits you with a +0 hand axe.
You closely miss the orc wizard.
The orc wizard is heavily wounded.
The orc completely misses you. You block the orc wizard's attack.
The orc hits you but does no damage. x3; The orc wizard closely misses you.
You hit the orc wizard but do no damage.
The orc wizard is heavily wounded.
The orc wizard casts a spell at you. The puff of flame hits you!
* * * LOW HITPOINT WARNING * * *
The orc hits you with a +0 mace!
You die...

### .. #.
##.##
#..<##
#..#..###
....
##@o>#
#.##
#oo#.# .
..o##.#
..... .
......#
.. ......
## #####.
#.


You could see an orc wizard (invisible) and 3 orcs.

Vanquished Creatures
  An orc (D:3)
  3 bats
  2 endoplasms
  A giant cockroach (D:2)
  3 goblins
  2 hobgoblins (D:2)
  2 kobolds
  2 quokkas (D:2)
  2 frilled lizards
  4 rats
22 creatures vanquished.

Notes
Turn   | Place    | Note
-------+----------+-------------------------------------------
     0 | D:1      | Bnni the Formicid Fighter began the quest for the Orb.
     0 | D:1      | Reached XP level 1. HP: 18/18 MP: 1/1
   378 | D:1      | Reached XP level 2. HP: 22/24 MP: 2/2
  1107 | D:2      | Reached XP level 3. HP: 29/29 MP: 3/3
  1491 | D:3      | Slain by an orc

Illustrated notes

Levels and vault maps discovered:
D:1:      zelgadis_glass_arrival_small, layout_basic,
          minmay_misc_feat_secret_circle, eino_curves_03
D:2:      layout_basic
D:3:      layout_loops_ring, grunt_temple_overflow_open,
          nicolae_shop_vocational, uniq_robin

Action                   || total
-------------------------++-------
Melee: Trident           ||    71
Armor: Scale mail        ||    33
Dodge: Dodged            ||    30
Block: Buckler           ||    20

Table legend: (Time is in decaauts)
 A = Elapsed time spent in this place.
 B = Non-inter-level travel time spent in this place.
 C = Inter-level travel time spent in this place.
 D = Time resting spent in this place.
 E = Time spent auto-exploring this place.
 F = Levels seen in this place.
 G = Mean time per level.
                   A        B        C        D        E       F      G
               +--------+--------+--------+--------+--------+-----+--------+
         Total |   1504 |   1480 |     24 |      0 |   1285 |   3 |  501.3 |
       Dungeon |   1504 |   1480 |     24 |      0 |   1285 |   3 |  501.3 |
               +--------+--------+--------+--------+--------+-----+--------+

Top non-repeatable levels by time:
     D:2: 750 daAuts
     D:1: 731 daAuts
     D:3: 22 daAuts
